 Dungeon Crawl Stone Soup version 0.32-a0-361-g289a535e89 (webtiles) character file.

Game seed: 16788166632992916383

347 Pooter the Sneak (level 6, 0/44 HPs)
             Began as a Gnoll Wanderer on Feb 18, 2024.
             Slain by an iguana (12 damage)
             ... on level 3 of the Dungeon.
             The game lasted 00:28:11 (3673 turns).

Pooter the Sneak (Gnoll Wanderer)                   Turns: 3673, Time: 00:28:11

Health: 0/44       AC:  4    Str:  9    XL:     6   Next: 59%
Magic:  14/14      EV: 12    Int: 14    God:
Gold:   175        SH:  0    Dex: 13    Spells: 6/15 levels left

rFire   . . .        a - +0 war axe
rCold   . . .        (no shield)
rNeg    . . .        g - +0 leather armour
rPois   .            (no helmet)
rElec   .            (no cloak)
rCorr   .            c - +0 pair of gloves
SInv    .            (no boots)
Will    .....        (no amulet)
Stlth   +++          (no ring)
HPRegen 0.27/turn    (no ring)
MPRegen 0.14/turn

%: no passive effects
@: no status effects
A: fangs 1, strong nose, distributed training, sense surroundings 1, subdued
magic 1
a: no special abilities


You were on level 3 of the Dungeon.
You visited 1 branch of the dungeon, and saw 4 of its levels.

You collected 175 gold pieces.

Inventory:

Hand Weapons
 a - a +0 war axe (weapon)
   (You took it off an orc on level 3 of the Dungeon)
 b - a +0 sling
   (You took it off a goblin on level 3 of the Dungeon)
 f - a +0 hand axe
   (You found it on level 1 of the Dungeon)
 q - a +2 dagger
Missiles
 m - a javelin
 n - 6 poisoned darts (quivered)
 Q - 5 stones
Armour
 c - a +0 pair of gloves (worn)
 d - a +0 robe
 g - a +0 leather armour (worn)
   (You found it on level 1 of the Dungeon)
Scrolls
 e - a scroll of brand weapon
 l - a scroll of fear
 p - 4 scrolls of blinking
 t - a scroll of teleportation {@r4}
Potions
 h - a potion of enlightenment
 i - a potion of curing {unknown}
 j - a potion of invisibility
 k - a potion of mutation {!q}
 o - a potion of magic


   Skills:
 + Level 2.1 Fighting
 + Level 2.1 Short Blades
 + Level 2.1 Long Blades
 + Level 2.1 Axes
 + Level 2.1 Maces & Flails
 + Level 2.1 Polearms
 + Level 2.1 Staves
 + Level 2.1 Ranged Weapons
 + Level 2.1 Throwing
 + Level 3.3 Armour
 + Level 3.3 Dodging
 + Level 6.3 Stealth
 + Level 2.1 Shields
 + Level 2.1 Unarmed Combat
 + Level 5.4 Spellcasting
 + Level 1.6 Conjurations
 + Level 1.6 Hexes
 + Level 1.6 Summonings
 + Level 1.6 Necromancy
 + Level 4.1 Translocations
 + Level 1.6 Fire Magic
 + Level 1.6 Ice Magic
 + Level 1.6 Air Magic
 + Level 1.6 Earth Magic
 + Level 1.6 Alchemy
 + Level 2.3 Invocations
 + Level 3.3 Evocations
 + Level 1.9 Shapeshifting


You had 6 spell levels left.
You knew the following spells:

 Your Spells              Type           Power      Damage    Failure   Level
a - Lesser Beckoning      Tloc           22%        N/A       4%          2
b - Summon Ice Beast      Ice/Summ       6%         N/A       30%         3
c - Momentum Strike       Conj/Tloc      18%        3d8       9%          2
d - Ensorcelled Hibernat  Hex/Ice        12%        N/A       14%         2

Your spell library contained the following spells:

 Spells                   Type           Power      Damage    Failure   Level
 Fugue of the Fallen      Necr           6%         N/A       30%         3
 Hailstorm                Conj/Ice       6%         3d5       30%         3
 Anguish                  Hex/Necr       3%         N/A       71%         4
 Summon Forest            Summ/Tloc      4%         N/A       86%         5
 Eringya's Noxious Bog    Alch           3%         4d6       100%        6
 Sculpt Simulacrum        Ice/Alch       3%         N/A       100%        6
 Summon Hydra             Summ           3%         N/A       100%        7


Dungeon Overview and Level Annotations

Branches:
Dungeon (4/15) Zot: 20315
 Temple: D:4-7

Altars:


Innate Abilities, Weirdness & Mutations

You have very sharp teeth.
Your uncanny sense of smell can sniff out nearby items.
Your experience applies equally to all skills.
You passively map a small area around you.
Your spells are a little easier to cast, but a little less powerful.


Message History

The orc wizard closely misses you.
You miss the orc wizard. You hit the orc. x2
The orc wizard points at you and mumbles some strange words.
The magic dart hits you! The orc hits you but does no damage.
The orc closely misses you. The orc hits you with a +0 dagger.
The orc wizard hits you but does no damage.
The orc hits you but does no damage.
You barely miss the orc wizard. You hit the orc.
You kill the orc!
You closely miss the orc. You hit the iguana.
You are no longer robbed of momentum.
The orc hits you but does no damage. The iguana bites you.
The orc wizard gestures at you while chanting.
You are confused.
The iguana attacks as it pursues you! The iguana closely misses you.
The orc wizard barely misses you. The orc hits you with a +0 dagger.
Things that are here:
a +0 dagger; an orc corpse The orc wizard attacks as it pursues you!
The orc wizard misses you.
The iguana bites you but does no damage.
There is a stone staircase leading up here.
You bump into the rock wall.
The orc wizard hits you but does no damage.
The iguana closely misses you. The iguana bites you.
The orc wizard points at you and mumbles some strange words.
You are more confused.
You climb upwards.
There is a stone staircase leading down here.
You miss the orc wizard. You miss the iguana. The iguana bites you!
* * * LOW HITPOINT WARNING * * *
The orc wizard hits you with a +0 dagger.
* * * LOW HITPOINT WARNING * * *
You hit the orc wizard.
You kill the orc wizard!
You barely miss the iguana. The iguana bites you!
* * * LOW HITPOINT WARNING * * *
The iguana misses you.
You hit the iguana. Your bite misses the iguana. The iguana barely misses you.
You bump into the rock wall.
You feel less confused.
The iguana bites you but does no damage.
You hit the iguana. You bite the iguana, but do no damage.
The iguana barely misses you. The iguana closely misses you.
You barely miss the iguana. The iguana closely misses you.
You hit the iguana. The iguana closely misses you.
You barely miss the iguana. The iguana closely misses you.
The iguana bites you!
You die...

#.# #.# #.#..#.# #.#
#.#####.#..#.# #.#
#..........#.# #.#
###.#####.#..#.###### #.#
#.....###............ #.#
#.....'..........#### #.#
#.....##)......#.#
###.#####+####.......#.###
#........)@..............#
###.#.###l##.............##
#.#.# #................+.
###.#.###.##..#.....#....##
#..........................
###.#####.##..#............
#.# #.....#..........##
###.#####.##.##............
#...........)........#...##


You could see an iguana.

Vanquished Creatures
  A scorpion (D:3)
  A bombardier beetle (D:3)
  2 orc wizards (D:3)
  A gnoll (D:1)
  7 adders
  A white imp (D:3)
  A dart slug (D:1)
  3 ribbon worms (D:2)
  8 orcs
  3 bats
  4 endoplasms
  3 giant cockroaches
  5 goblins
  5 hobgoblins
  2 jackals (D:3)
  3 quokkas
  4 ball pythons
  2 frilled lizards (D:1)
  5 kobolds
  8 rats
69 creatures vanquished.

Notes
Turn   | Place    | Note
-------+----------+-------------------------------------------
     0 | D:1      | Pooter the Gnoll Wanderer began the quest for the Orb.
     0 | D:1      | Pooter set off with the following items: a +2 dagger, 2
                  | scrolls of blinking, a +0 pair of gloves, a +0 robe; and
                  | the following spells available to memorise: Lesser
                  | Beckoning, Momentum Strike.
     0 | D:1      | Reached XP level 1. HP: 13/13 MP: 6/6
   411 | D:1      | Reached XP level 2. HP: 20/20 MP: 7/7
   454 | D:1      | Learned a level 2 spell: Lesser Beckoning
   601 | D:1      | Reached skill level 5 in Spellcasting
   601 | D:1      | Reached XP level 3. HP: 25/25 MP: 7/9
   607 | D:1      | Reached skill level 6 in Stealth
   641 | D:1      | Learned a level 3 spell: Summon Ice Beast
   687 | D:1      | Reached skill level 1 in Invocations
   740 | D:1      | Gained mutation: Your spells are a little easier to cast,
                  | but a little less powerful. [potion of mutation]
   740 | D:1      | Gained mutation: You passively map a small area around you.
                  | [potion of mutation]
   896 | D:1      | Reached skill level 1 in Fighting
   896 | D:1      | Reached skill level 1 in Short Blades
   896 | D:1      | Reached skill level 1 in Long Blades
   896 | D:1      | Reached skill level 1 in Axes
   896 | D:1      | Reached skill level 1 in Maces & Flails
   896 | D:1      | Reached skill level 1 in Polearms
   896 | D:1      | Reached skill level 1 in Staves
   896 | D:1      | Reached skill level 1 in Ranged Weapons
   896 | D:1      | Reached skill level 1 in Throwing
   896 | D:1      | Reached skill level 1 in Shields
   896 | D:1      | Reached skill level 1 in Unarmed Combat
  1178 | D:2      | Reached skill level 1 in Shapeshifting
  1178 | D:2      | Reached XP level 4. HP: 27/32 MP: 11/11
  1283 | D:2      | Reached skill level 1 in Conjurations
  1283 | D:2      | Reached skill level 1 in Hexes
  1283 | D:2      | Reached skill level 1 in Summonings
  1283 | D:2      | Reached skill level 1 in Necromancy
  1283 | D:2      | Reached skill level 1 in Fire Magic
  1283 | D:2      | Reached skill level 1 in Ice Magic
  1283 | D:2      | Reached skill level 1 in Air Magic
  1283 | D:2      | Reached skill level 1 in Earth Magic
  1283 | D:2      | Reached skill level 1 in Alchemy
  1541 | D:2      | Learned a level 2 spell: Momentum Strike
  1724 | D:2      | Reached XP level 5. HP: 23/37 MP: 8/12
  2544 | D:3      | Reached XP level 6. HP: 44/44 MP: 11/14
  2865 | D:3      | Learned a level 2 spell: Ensorcelled Hibernation
  3673 | D:3      | Slain by an iguana

Illustrated notes

Levels and vault maps discovered:
D:1:      beargit_arrival_diablo_church, layout_basic
D:2:      layout_basic
D:3:      layout_basic
D:4:      layout_loops_ring, minivault_14, minmay_fractal_squares_gapless_5

Skill      XL: |  1  2  3  4  5  6 |
---------------+-------------------+-----
Spellcasting   | 5 |  5.4
Stealth        | 6 |  6.3
Invocations    | 1 2 |  2.3
Fighting       | 1 2 |  2.1
Short Blades   | 1 2 |  2.1
Long Blades    | 1 2 |  2.1
Axes           | 1 2 |  2.1
Maces & Flails | 1 2 |  2.1
Polearms       | 1 2 |  2.1
Staves         | 1 2 |  2.1
Ranged Weapons | 1 2 |  2.1
Throwing       | 1 2 |  2.1
Shields        | 1 2 |  2.1
Unarmed Combat | 1 2 |  2.1
Shapeshifting  | 1 |  1.9
Conjurations   | 1 |  1.6
Hexes          | 1 |  1.6
Summonings     | 1 |  1.6
Necromancy     | 1 |  1.6
Fire Magic     | 1 |  1.6
Ice Magic      | 1 |  1.6
Air Magic      | 1 |  1.6
Earth Magic    | 1 |  1.6
Alchemy        | 1 |  1.6
Armour         | 3 |  3.3
Dodging        | 3 |  3.3
Evocations     | 3 |  3.3
Translocations | 4 |  4.1

Action                     |  1- 3 |  4- 6 || total
---------------------------+-------+-------++-------
  Melee: Dagger            |    85 |    81 ||   166
         Bite              |     5 |     9 ||    14
         Hand axe          |       |     7 ||     7
         War axe           |       |    35 ||    35
   Fire: Sling             |       |    12 ||    12
  Throw: Stone             |       |    15 ||    15
         Dart              |       |     3 ||     3
         Boomerang         |       |     9 ||     9
         Javelin           |       |     1 ||     1
   Cast: Momentum Strike   |       |    23 ||    23
    Use: Scroll            |     4 |     3 ||     7
         Potion            |     1 |       ||     1
   Stab: Sleeping          |     4 |     5 ||     9
 Armour: Robe              |    20 |       ||    20
         Leather armour    |    10 |    86 ||    96
  Dodge: Dodged            |    55 |    87 ||   142

Table legend: (Time is in decaauts)
 A = Elapsed time spent in this place.
 B = Non-inter-level travel time spent in this place.
 C = Inter-level travel time spent in this place.
 D = Time resting spent in this place.
 E = Time spent auto-exploring this place.
 F = Levels seen in this place.
 G = Mean time per level.
                   A        B        C        D        E       F      G
               +--------+--------+--------+--------+--------+-----+--------+
         Total |   3683 |   3546 |    137 |   1256 |   1476 |   4 |  920.8 |
       Dungeon |   3683 |   3546 |    137 |   1256 |   1476 |   4 |  920.8 |
               +--------+--------+--------+--------+--------+-----+--------+

Top non-repeatable levels by time:
     D:3: 1644 daAuts
     D:1: 1085 daAuts
     D:2: 939 daAuts
     D:4: 13 daAuts
